 Dungeon Crawl Stone Soup version 0.29.1-4-g47bece8355 (webtiles) character file.

Game seed: 18360301156639673310

870 styxcanada the Covert (level 7, -1/36 HPs)
             Began as a Spriggan Brigand on Dec 3, 2022.
             Was an Initiate of Gozag.
             Slain by Grinder (7 damage)
             ... while paralysed by Grinder
             ... on level 5 of the Dungeon.
             The game lasted 00:17:53 (4946 turns).

styxcanada the Covert (Spriggan Brigand)            Turns: 4946, Time: 00:17:54

Health: -1/36      AC:  4    Str:  7    XL:     7   Next: 73%
Magic:  12/12      EV:  4    Int: 13    God:    Gozag
Gold:   412        SH:  0    Dex: 18    Spells: 9/11 levels left

rFire   + . .      SeeInvis +   a - +2 dagger (venom)
rCold   . . .      Faith    .   (no shield)
rNeg    . . .      Spirit   .   o - +1 robe {rF+}
rPois   .          Reflect  .   (helmet restricted)
rElec   .          Harm     .   c - +0 cloak
rCorr   .          Rampage  .   (gloves unavailable)
Will    +....                   (boots unavailable)
Stlth   ++........              (no amulet)
HPRegen 0.12/turn               (no ring)
MPRegen 0.13/turn               (no ring)

@: confused, paralysed, very quick
A: very small, no large weapons, unfitting armour, see invisible, speed 3
a: Renounce Religion, Potion Petition, Call Merchant, Bribe Branch


You were on level 5 of the Dungeon.
You worshipped Gozag.
Gozag was aware of your devotion.
You visited 2 branches of the dungeon, and saw 6 of its levels.

You collected 495 gold pieces.
You paid 83 gold pieces to Gozag.

Inventory:

Hand Weapons
 a - a +2 dagger of venom (weapon)
 u - a +3 short sword
Missiles
 d - 9 poisoned darts
 e - 8 curare-tipped darts (quivered)
 f - 6 atropa-tipped darts
 k - 34 stones
Armour
 c - a +0 cloak (worn)
 o - a +1 robe of fire resistance (worn)
 p - an orb of mayhem
Wands
 b - a wand of roots (6)
Scrolls
 h - 4 scrolls of teleportation
 n - a scroll of magic mapping
 r - a scroll of brand weapon
 s - a scroll of amnesia
Potions
 g - a potion of resistance
 i - a potion of flight {unknown}
 j - a potion of ambrosia {unknown}
 l - a potion of might {unknown}
 m - a potion of attraction {unknown}
 q - a potion of cancellation {unknown}
 t - a potion of mutation {unknown}
 v - a potion of heal wounds


   Skills:
 * Level 3.0 Fighting
 + Level 3.6 Short Blades
 + Level 3.1 Throwing
 * Level 3.9 Dodging
 * Level 9.7 Stealth
 * Level 2.8 Spellcasting
 * Level 2.5 Hexes
 * Level 1.6 Ice Magic


You had 9 spell levels left.
You knew the following spells:

 Your Spells              Type           Power      Damage    Failure   Level
a - Ensorcelled Hibernat  Hex/Ice        14%        N/A       14%         2

Your spell library contained the following spells:

 Spells                   Type           Power      Damage    Failure   Level
 Passwall                 Tmut/Erth      0%         N/A       34%         2
 Swiftness                Air            1%         N/A       56%         3


Dungeon Overview and Level Annotations

Branches:
Dungeon (5/15)             Temple (1/1) D:4

Altars:
Ashenzari
Cheibriados
Dithmenos
Elyvilon
Gozag
Kikubaaqudgha
Makhleb
Nemelex Xobeh
Okawaru
Qazlal
Ru
Sif Muna
Trog
Vehumet
Xom
Yredelemnul
Zin
The Shining One

Annotations:
D:5 Grinder
Temple 2 transporters


Innate Abilities, Weirdness & Mutations

You are very small and have problems with some larger weapons.
You are too small for most types of armour.
You have supernaturally acute eyesight. (SInv)
You cover ground extremely quickly. (Speed+++)


Message History

You now have 407 gold pieces (gained 11).
A black bear comes into view.
You see here a +3 short sword.
u - a +3 short sword The helpless black bear fails to defend itself.
You spit the black bear like a pig!!!
You kill the black bear!
You now have 412 gold pieces (gained 5).
There is a stone staircase leading down here.
v - a potion of heal wounds Grinder comes into view.
She is carrying a wand of light (5).
Grinder shouts!
Grinder gestures at you. Pain shoots through your body!
You closely miss Grinder. Grinder closely misses you.
You closely miss Grinder.
Grinder blinks!
You hit Grinder.
Grinder is lightly wounded.
Grinder completely misses you.
You hit Grinder but do no damage.
Grinder is lightly wounded.
Grinder hits you.
You writhe in agony.
You hit Grinder but do no damage.
Grinder is lightly wounded.
Grinder completely misses you.
You hit Grinder but do no damage.
Grinder is lightly wounded.
Grinder gestures at you.
You easily resist.
You hit Grinder.
Grinder is lightly wounded.
Grinder gestures at you.
You suddenly lose the ability to move!
Grinder hits you!
Grinder zaps a wand.
The bolt of light hits you!
You are confused.
* * * LOW HITPOINT WARNING * * *
Grinder hits you!
You die...
Your body crumbles into a pile of gold.

#.##..####.####...##.
#.##.## #.# ##..###
#.##.# #.# #..# #
#.#..# #.# #....# #.#
#...## #.# ###...##
##..# #......##...##
###..5@...# ####...##
#####


You could see Grinder.

Vanquished Creatures
  Sigmund (D:5)
  A black bear (D:5)
  2 scorpions
  3 hounds (D:5)
  A jelly (D:5)
  2 gnoll boudas (D:4)
  An orc priest (D:5)
  An orc wizard (D:4)
  14 gnolls
  7 adders
  A worm (D:3)
  A dart slug (D:2)
  6 orcs
  11 bats
  4 endoplasms (D:1)
  4 giant cockroaches
  5 goblins
  3 hobgoblins
  4 jackals
  A quokka (D:4)
  5 ball pythons
  6 frilled lizards
  8 kobolds
  2 rats
94 creatures vanquished.

Notes
Turn   | Place    | Note
-------+----------+-------------------------------------------
     0 | D:1      | styxcanada the Spriggan Brigand began the quest for the
                  | Orb.
     0 | D:1      | Reached XP level 1. HP: 10/10 MP: 2/2
    44 | D:1      | Reached skill level 6 in Stealth
   290 | D:1      | Reached XP level 2. HP: 15/15 MP: 3/3
  1112 | D:2      | Reached skill level 7 in Stealth
  1112 | D:2      | Reached XP level 3. HP: 18/18 MP: 4/4
  2023 | D:3      | Reached XP level 4. HP: 23/23 MP: 5/5
  2315 | D:3      | Reached skill level 8 in Stealth
  2488 | D:3      | Learned a level 2 spell: Ensorcelled Hibernation
  2545 | D:4      | Found a radiant altar of Vehumet.
  2553 | D:4      | Noticed a scorpion
  2558 | D:4      | Reached XP level 5. HP: 22/27 MP: 7/7
  2581 | D:4      | Reached skill level 1 in Spellcasting
  2843 | D:4      | Reached skill level 1 in Hexes
  2848 | D:4      | Reached XP level 6. HP: 15/32 MP: 9/9
  3078 | D:4      | Found a staircase to the Ecumenical Temple.
  3085 | Temple   | Entered the Ecumenical Temple
  3085 | Temple   | Found a transporter.
  3085 | Temple   | Found a transporter.
  3087 | Temple   | Found a transporter.
  3087 | Temple   | Found a transporter.
  3114 | Temple   | Became a worshipper of Gozag Ym Sagoz the Greedy
  3856 | D:5      | Entered Level 5 of the Dungeon
  3871 | D:5      | Reached skill level 1 in Ice Magic
  3896 | D:5      | Reached skill level 9 in Stealth
  3992 | D:5      | Reached XP level 7. HP: 35/35 MP: 11/11
  4596 | D:5      | Noticed Sigmund
  4662 | D:5      | Killed Sigmund
  4931 | D:5      | Noticed Grinder
  4943 | D:5      | Paralysed by Grinder for 4 turns
  4946 | D:5      | Slain by Grinder

Illustrated notes

Levels and vault maps discovered:
D:1:      evilmike_arrival_rings, layout_loops_cross
D:2:      layout_basic, kennysheep_generic_room_3
D:3:      layout_rooms
D:4:      layout_rooms, nicolae_vehumet_radiance, temple_green
D:5:      layout_layer_cave, uniq_sigmund, uniq_grinder
Temple:   hellmonk_temple_divided_pantheon

Skill      XL: |  1  2  3  4  5  6  7 |
---------------+----------------------+-----
Stealth        | 6 7 8 9 |  9.7
Fighting       | 2 3 |  3.0
Dodging        | 2 3 |  3.9
Spellcasting   | 1 2 |  2.8
Hexes          | 1 2 |  2.5
Short Blades   | 3 |  3.6
Ice Magic      | 1 |  1.6
Throwing       | 3 |  3.1

Action                   |  1- 3 |  4- 6 |  7- 9 || total
-------------------------+-------+-------+-------++-------
Melee: Dagger            |    68 |   148 |    18 ||   234
       Punch             |     1 |       |       ||     1
Throw: Dart              |     2 |    38 |    12 ||    52
  Use: Scroll            |     6 |     6 |     2 ||    14
       Potion            |       |     1 |       ||     1
 Stab: Sleeping          |    23 |     7 |     3 ||    33
Armor: Robe              |     5 |    15 |       ||    20
Dodge: Dodged            |    40 |    97 |    13 ||   150
